Map: Pride of Altaris LE

Players

Warthog

  • Race: Terran Terran
  • League: Master
  • Spawn Location: 5:00

realist - Winner!

  • Race: Terran Terran
  • Spawn Location: 11:00

VOD

Have the link to the VOD?

Description

Time

  • Played on: Dec. 15, 2021, 8:02 p.m.
  • Length: 8:46
Show
View Real Time Build Order
Export as new Build Order

Warthog Terran 

Build Orders: Liberator Opening 

Get SALT Encoding   

  12  0:01  SCV  
  13  0:13  SCV  
  14  0:18  Supply Depot  
  14  0:25  SCV  
  15  0:39  SCV  
  15  0:40  Barracks  
  16  0:44  Refinery  
  16  0:51  SCV  
  16  0:53  Refinery  
  17  1:03  SCV  
  18  1:16  SCV  
  19  1:28  Reaper, Orbital Command  
  20  1:42  Supply Depot  
  20  1:45  Factory  
  20  1:56  SCV  
  20  2:00  Reaper  
  23  2:08  SCV  
  23  2:22  Command Center  
  22  2:34  SCV  
  22  2:41  Hellion  
  22  2:43  Reaper  
  25  2:46  SCV  
  25  2:47  Supply Depot  
  26  2:58  SCV  
  27  3:08  Factory Tech Lab  
  27  3:10  SCV  
  27  3:12  Starport  
  27  3:20  Barracks Reactor  
  27  3:25  SCV  
  28  3:35  Cyclone  
  28  3:37  SCV  
  32  3:47  Command Center  
  32  3:54  Liberator  
  35  3:56  SCV  
  36  4:06  Marine  
  36  4:07  Marine  
  38  4:15  SCV  
  39  4:19  Refinery  
  39  4:24  Cyclone  
  39  4:26  Supply Depot  
  39  4:29  SCV  
  39  4:30  Orbital Command  
  43  4:46  Starport Tech Lab  
  43  4:47  Marine x2  
  43  4:48  SCV  
  46  5:01  SCV x2, Orbital Command  
  46  5:05  Raven  
  50  5:08  Siege Tank, Marine  
  50  5:09  Marine  
  50  5:13  SCV  
  56  5:18  SCV  
  57  5:25  SCV, Barracks  
  58  5:30  SCV  
  57  5:41  SCV  
  50  5:43  SCV x2  
  50  5:45  Marine x2  
  50  5:46  Siege Tank  
  55  5:51  Raven  
  55  5:56  SCV x3  
  60  5:58  Barracks  
  60  5:59  Refinery  
  60  6:04  Marine x2  
  60  6:08  SCV x2  
  60  6:11  Engineering Bay x2  
  64  6:13  Barracks Tech Lab  
  64  6:18  Orbital Command  
  64  6:20  SCV  
  64  6:24  SCV  
  66  6:32  SCV  
  70  6:33  Stimpack, Marauder  
  70  6:34  Siege Tank  
  72  6:43  Terran Infantry Weapons Level 1  
  72  6:44  SCV  
  72  6:46  SCV x2  
  75  6:51  Barracks Reactor  
  77  6:54  Marauder  
  77  6:56  Combat Shield  
  77  6:57  Barracks  
  77  6:58  Barracks  
  77  7:05  SCV x2  
  77  7:20  SCV  
  77  7:21  SCV, Marine  
  77  7:33  Supply Depot  
  77  7:34  Supply Depot, Barracks  
  77  7:35  Barracks, Marine  
  77  7:37  Marine  
  77  7:38  Marauder  
  77  7:39  Marine  
  72  7:45  Marine  
  72  7:49  Marine  
  72  7:51  Siege Tank  
  67  7:53  Marine  
  67  7:55  Marine  
  67  7:57  Marine  
  68  7:59  Marine  
  68  8:02  Marine  
  68  8:03  Medivac  
  67  8:07  Marine  
  67  8:11  Marine  
  63  8:13  Marine  
  63  8:15  Marauder  
  63  8:17  Marauder  
  68  8:20  Marine  
  68  8:25  Marine  
Show
View Real Time Build Order
Export as new Build Order

realist Terran - Winner!

Build Orders: Gas First Reaper Expand, Mech 

Get SALT Encoding   

  12  0:00  SCV  
  13  0:12  SCV  
  14  0:17  Supply Depot  
  14  0:24  SCV  
  15  0:29  Refinery  
  15  0:38  SCV  
  16  0:43  Barracks  
  16  0:50  SCV  
  17  1:02  SCV  
  18  1:15  SCV  
  19  1:30  Orbital Command  
  19  1:31  Reaper  
  20  1:43  Command Center  
  20  1:56  SCV  
  20  1:59  Factory  
  21  2:07  Barracks Reactor  
  21  2:08  Supply Depot  
  21  2:12  SCV  
  22  2:16  Refinery  
  22  2:24  SCV  
  23  2:36  SCV  
  22  2:47  Starport  
  22  2:48  SCV  
  23  2:59  Hellion  
  23  3:00  Hellion  
  26  3:09  Barracks Tech Lab  
  26  3:12  SCV  
  31  3:32  SCV  
  28  3:44  Barracks Reactor  
  28  3:45  SCV  
  28  3:46  Orbital Command  
  28  3:48  Viking, Siege Tank  
  32  3:55  Refinery x2  
  34  3:58  Viking  
  34  4:01  SCV  
  37  4:13  SCV x2  
  39  4:20  Supply Depot  
  39  4:25  SCV x2  
  39  4:28  Siege Tank  
  44  4:45  SCV x2  
  44  4:49  Viking  
  44  4:50  Viking  
  44  4:52  Factory  
  49  4:57  SCV, Barracks Tech Lab  
  50  5:02  Supply Depot  
  50  5:03  Supply Depot  
  50  5:04  Factory  
  50  5:11  SCV x2  
  52  5:23  SCV, Siege Tank  
  52  5:27  Supply Depot  
  48  5:49  Viking  
  50  5:50  Viking  
  50  5:52  SCV  
  50  5:53  SCV  
  54  6:00  Siege Tank x2  
  54  6:02  Supply Depot  
  54  6:03  Supply Depot  
  60  6:05  SCV  
  60  6:08  SCV  
  62  6:14  Hellion x2  
  62  6:17  SCV  
  67  6:21  SCV  
  67  6:24  Armory  
  68  6:29  SCV  
  68  6:30  Viking  
  71  6:33  Siege Tank  
  71  6:38  Siege Tank  
  71  6:39  SCV  
  78  6:41  SCV  
  79  6:48  Supply Depot  
  79  6:51  SCV  
  79  6:53  SCV  
  83  6:54  Hellion  
  83  6:55  Hellion  
  85  7:08  Viking, Siege Tank  
  86  7:10  Hellion  
  84  7:26  Hellion  
  86  7:31  Siege Tank  
  86  7:36  Hellion  
  91  7:40  Siege Tank  
  82  7:48  Hellion  
  79  7:51  Viking  
  79  7:52  Viking  
  83  8:03  Siege Tank  
  84  8:12  Siege Tank  
Tags
 
Add a new tag
Caveats
  • Supply blocks, unpowered buildings, or Contaminate may cause inaccurate times.
  • Supply counts are checked every 10 seconds.